 Dungeon Crawl Stone Soup version 0.14-a0-2327-g5ff15cf (webtiles) character file.

1604 Kae the Conjurer (level 8, -1/41 HPs)
             Began as a Tengu Fire Elementalist on Jan 29, 2014.
             Slain by a worm (10 damage)
             ... on Level 5 of the Dungeon.
             The game lasted 00:11:05 (5093 turns).

Kae the Conjurer (Tengu Fire Elementalist)          Turns: 5093, Time: 00:11:06

HP  -1/41        AC  4     Str 10      XL: 8   Next: 74%
MP  19/21        EV 12     Int 17      God:
Gold 162         SH  0     Dex 14      Spells:  5 memorised,  1 level left

rFire  . . .     SeeInvis .     i - +3 elf spear
rCold  . . .     Clarity  .     a - +1 robe
rNeg   . . .     Conserve +     (no shield)
rPois  .         rCorr    .     (helmet restricted)
rElec  .         rRot     .     (no cloak)
SustAb . .       Spirit   .     k - +0 pair of gloves
rMut   .         Warding  .     (boots unavailable)
Saprov . . .     Stasis   .     p - amulet of conservation
MR     .....                    (no ring)
                                z - ring of regeneration

@: not resistant to hostile enchantments, fairly stealthy
A: able to fly, beak, talons 3
a: Fly


You were on level 5 of the Dungeon.
You were hungry.

You visited 1 branch of the dungeon, and saw 6 of its levels.

You collected 162 gold pieces.

Inventory:

Hand weapons
 i - a +3,+3 elven spear (weapon)
Armour
 a - a +1 robe (worn)
 k - a +0 pair of gloves (worn)
Comestibles
 c - 2 bread rations
 j - 3 meat rations
 w - a snozzcumber
 A - 3 rotting chunks of orc flesh
Scrolls
 d - a scroll of teleportation
 f - a scroll of enchant weapon I
 h - 3 scrolls of identify
 l - a scroll of remove curse {unknown}
 r - a scroll of magic mapping
 u - a scroll of enchant armour
 v - 2 scrolls of blinking
Jewellery
 p - an amulet of conservation (around neck)
 z - a ring of regeneration (left hand)
Potions
 e - 2 potions of invisibility
 m - a potion of magic {unknown}
 n - a potion of agility {unknown}
 o - a potion of restore abilities {unknown}
 q - 3 potions of curing {unknown}
 s - a potion of poison {unknown}
 x - 2 potions of paralysis {unknown}
Books
 b - a book of Flames

   Spells                             Type                      Level
   *Flame Tongue                      Conjuration/Fire             1
   *Throw Flame                       Conjuration/Fire             2
   *Conjure Flame                     Conjuration/Fire             3
   Inner Flame                        Hexes/Fire                   3
   *Sticky Flame                      Conjuration/Fire             4
   *Fireball                          Conjuration/Fire             5


   Skills:
 - Level 2.1 Dodging
 - Level 2.0 Stealth
 + Level 4.7 Spellcasting
 * Level 8.5 Conjurations
 * Level 8.1 Fire Magic


You had one spell level left.
You knew the following spells:

 Your Spells              Type           Power        Failure   Level  Hunger
a - Flame Tongue          Conj/Fire      ####.        1%          1    None
b - Throw Flame           Conj/Fire      ####..       1%          2    #......
c - Conjure Flame         Conj/Fire      ####....     1%          3    ###....
d - Sticky Flame          Conj/Fire      ####....     6%          4    ####...
e - Fireball              Conj/Fire      ####......   14%         5    #####..


Dungeon Overview and Level Annotations

Branches:
Dungeon (6/16)
 Temple: D:4-7

Altars:
Makhleb

Shops:
D:4 (   D:5 (

Annotations:
D:6 Menkaure


Innate Abilities, Weirdness & Mutations

You can fly.
You have a beak for a mouth.
You have claws for feet.


Message History

The jackal barely misses you. The jackal bites you.
The orc wizard points at you and mumbles some strange words.
The magic dart hits you!
Casting: Flame Tongue
Confirm with . or Enter, or press ? or * to list all spells.
Aiming: Flame Tongue
Press: ? - help, Shift-Dir - straight line, f/p - orc wizard
Aim: an orc wizard, wielding an orcish dagger and wearing an orcish robe (moderately wounded)
The flame hits the orc wizard.
The orc wizard is almost dead.
The jackal barely misses you. The worm bites you!
* * * LOW HITPOINT WARNING * * *
The orc wizard mumbles some strange words.
The orc wizard flickers and vanishes!
Deactivating autopickup; reactivate with Ctrl-A.
You miss something. Your kick misses something. The jackal misses you.
You hear some strange, mumbled words.
Something tries to affect you, but you resist.
The jackal barely misses you. The worm bites you!
You die...

.#.......,.....,,*,* , * ,******
.........*#.#.#***,**,**,,, ,,,,,
.#......,,..#.#* *,**,**,,******,
.........*#.#.., ,, ,,,,,,,,,,,,,
)#######.*#.#.#***,#****,,*******
..######.*#.#.#,,,.# *,,* *
.#.......##.#.#**#.#####,,* *
..........#.#.###........,*
.#.)<...........@h....... * *
..##..###≈.≈#.###w.#####.,*
.###..##≈≈.≈≈.###..###**,,* *
..##..##≈≈∩≈≈.........,,,, *
......##≈≈≈≈≈.........,,,, *
...#..###≈≈≈#...#......,,, *
..........###.........,,,<******
......................,<,,, ,,,,*
...#..#########.#.###**,,**** ***


You could see a worm and a jackal.

Vanquished Creatures
  The ghost of plaisi the Bolt Thrower, an experienced MiHu of Okawaru (D:5)
  A phantom (D:4)
  4 ogres
  A giant frog skeleton (D:4)
  4 orc wizards
  2 orc priests
  2 iguanas
  A scorpion (D:5)
  7 gnolls
  12 adders
  A giant mite (D:3)
  A worm (D:4)
  An adder skeleton (D:4)
  2 giant geckos
  An ooze (D:2)
  12 orcs
  10 bats
  7 giant cockroaches
  9 hobgoblins
  8 jackals
  8 kobolds
  3 quokkas
  4 ball pythons
  7 giant newts
  A gnoll zombie (D:5)
  11 goblins
  7 rats
128 creatures vanquished.

Notes
Turn   | Place    | Note
--------------------------------------------------------------
     0 | D:1      | Kae, the Tengu Fire Elementalist, began the quest for the Orb.
     0 | D:1      | Reached XP level 1. HP: 10/10 MP: 3/3
   262 | D:1      | Reached XP level 2. HP: 13/15 MP: 1/5
  1095 | D:2      | Reached XP level 3. HP: 17/19 MP: 2/7
  1131 | D:2      | Learned a level 2 spell: Throw Flame
  1135 | D:2      | Learned a level 3 spell: Conjure Flame
  1185 | D:2      | Reached skill level 4 in Fire Magic
  1410 | D:2      | Reached XP level 4. HP: 11/24 MP: 3/9
  2438 | D:3      | Reached XP level 5. HP: 28/28 MP: 6/11
  2767 | D:3      | Reached skill level 5 in Fire Magic
  3005 | D:4      | Noticed an ogre
  3021 | D:4      | Killed an ogre
  3021 | D:4      | Reached XP level 6. HP: 32/32 MP: 3/14
  3156 | D:4      | Reached skill level 5 in Conjurations
  3468 | D:4      | Learned a level 4 spell: Sticky Flame
  3606 | D:4      | Reached XP level 7. HP: 27/36 MP: 7/17
  3697 | D:4      | Noticed an ogre
  3718 | D:4      | Killed an ogre
  3718 | D:4      | Reached skill level 6 in Conjurations
  3968 | D:4      | Noticed a phantom
  3985 | D:4      | Killed a phantom
  4120 | D:4      | Noticed an ogre
  4141 | D:4      | Killed an ogre
  4274 | D:4      | Found Deimn's Antique Weapon Emporium.
  4431 | D:5      | Entered Level 5 of the Dungeon
  4438 | D:5      | Reached skill level 7 in Fire Magic
  4449 | D:5      | Noticed plaisi's ghost (experienced MiHu)
  4568 | D:5      | Killed plaisi's ghost
  4568 | D:5      | Reached skill level 8 in Conjurations
  4568 | D:5      | Reached XP level 8. HP: 26/41 MP: 2/20
  4702 | D:5      | Found a burning altar of Makhleb.
  5034 | D:5      | Learned a level 5 spell: Fireball
  5060 | D:5      | Found Woekech's Weapon Shoppe.
  5087 | D:6      | Noticed Menkaure
  5093 | D:5      | Slain by a worm

Action                   |  1- 3 |  4- 6 |  7- 9 || total
-------------------------+-------+-------+-------++-------
Melee: Unarmed           |    19 |       |       ||    19
       Spear             |    12 |    89 |    27 ||   128
 Cast: Flame Tongue      |    44 |    65 |    73 ||   182
       Conjure Flame     |     1 |     3 |     4 ||     8
       Throw Flame       |       |    14 |    22 ||    36
       Sticky Flame      |       |       |     2 ||     2
  Use: Potion            |       |     2 |       ||     2
       Scroll            |       |       |    11 ||    11
 Stab: Sleeping          |       |     5 |     3 ||     8
